 Adventure DCSS version bcrawl-1.27.3 (webtiles) character file.

Game seed: 8574156994107832129

242930 galech the Cleaver (level 9, 69/69 HPs)
             Began as a Demonspawn Fighter on July 31, 2020.
             Was a Follower of Okawaru.
             Quit the game on level 8 of the Dungeon.
             The game lasted 00:11:06 (6673 turns).

galech the Cleaver (Demonspawn Fighter)             Turns: 6673, Time: 00:11:06

Health: 69/69      AC: 14    Str: 16    XL:     9   Next: 10%
Magic:  9/9        EV:  4    Int: 10    God:    Okawaru [*.....]
Gold:   696        SH: 14    Dex: 16    Spells: 8/8 levels left
                                        Lives:  0   Deaths: 2

rFire    . . .     SeeInvis .   a - +5 war axe
rCold    . . .     Gourm    .   c - +0 medium shield
rNeg     . . .     Faith    .   k - +0 chain mail
rPois    .         Spirit   .   v - +1 hat
rElec    .         Reflect  .   I - +0 cloak
rCorr    .         Harm     .   h - +0 pair of gloves
MR       .....                  l - +0 pair of boots
Stlth    ++........             (no amulet)
HPRegen  0.21/turn              A - ring of stealth
MPRegen  0.11/turn              (no ring)

@: no status effects
A: antennae 2, large bone plates 1, nightstalker 1, powered by death 1
a: Heroism, Renounce Religion


You were on level 8 of the Dungeon.
You worshipped Okawaru.
Okawaru was aware of your devotion.
You were not hungry.

You visited 2 branches of the dungeon, and saw 9 of its levels.
You also visited: Ossuary.

You collected 696 gold pieces.

Inventory:

Hand Weapons
 a - a +5 war axe (weapon)
 t - a +1 hand axe of venom
 L - the +2 lajatang of Prudence {slice, rElec rC++ Str-3, unknown}
   (You found it on level 8 of the Dungeon)

   It will always inflict at least some extra damage.
   This minimum extra damage increases with your current reserve of magical
   power.
   It affects your strength (-3).
   It greatly protects you from cold.
   It insulates you from electricity.
Armour
 c - a +0 medium shield (worn)
 h - a +0 pair of gloves (worn)
 k - a +0 chain mail (worn)
 l - a +0 pair of boots (worn)
 v - a +1 hat (worn)
 I - a +0 cloak (worn)
Jewellery
 A - a ring of stealth (left hand)
 C - an uncursed ring of ice
Wands
 n - a wand of polymorph (27)
 r - a wand of clouds (6)
 y - a wand of iceblast (8)
 E - a wand of random effects (7)
 F - a wand of paralysis (7)
 G - a wand of disintegration (11)
 K - a wand of flame (11)
Scrolls
 b - 5 scrolls of enchant armour
 d - 2 scrolls of immolation
 f - 4 scrolls of fear
 g - 3 scrolls of remove curse
 m - 4 scrolls of magic mapping
 s - 4 scrolls of teleportation
 w - 2 scrolls of amnesia
 B - 3 scrolls of blinking
 H - 5 scrolls of identify
Potions
 i - 8 potions of curing
 j - 2 potions of brilliance
 o - a potion of magic
 p - 2 potions of lignification
 q - a potion of agility {unknown}
 u - 6 potions of degeneration
 x - 2 potions of flight
 z - a potion of ambrosia {unknown}
 D - 2 potions of heal wounds {unknown}
Comestibles
 e - 19 rations {!d}
 J - 8 chunks of flesh


   Skills:
 + Level 6.0 Fighting
 + Level 9.8 Axes
 + Level 5.6 Armour
 + Level 1.5 Dodging
 + Level 0.7 Stealth
 + Level 6.9 Shields


You had 8 spell levels left.
You didn't know any spells.
Your spell library was empty.

Dungeon Overview and Level Annotations

Branches:
Dungeon (8/12)             Temple (1/1) D:7            Lair (0/6) D:7
    Orc: D:8-11

Altars:
Ashenzari
Cheibriados
Dithmenos
Elyvilon
Fedhas
Gozag
Hepliaklqana
Kikubaaqudgha
Lugonu
Makhleb
Nemelex Xobeh
Okawaru
Qazlal
Ru
Sif Muna
Trog
Uskayaw
Vehumet
Yredelemnul
The Shining One

Shops:
D:5 (   D:6 *

Annotations:
D:4 2 transporters, 3 runed translucent doors, Sarzael's ghost, novice DrTm; dscm's ghost, amateur OpAc; dscm's ghost, weakling OpAc


Innate Abilities, Weirdness & Mutations

You have a pair of antennae on your head.
You are partially covered in large bone plates. (SH +4)
You are slightly more attuned to the shadows.
You regenerate a little health from kills.


Message History

You block the death knight's attack.
You hit the death knight.
The death knight is moderately wounded.
The death knight reflects your damage back at you!
You block the death knight's attack.
You slash the death knight!
The death knight is heavily wounded.
The death knight reflects your damage back at you!
* * * LOW HITPOINT WARNING * * *
The death knight's dark mirror aura disappears.
You slash the death knight!
The death knight is severely wounded.
You feel like a meek peon again.
The death knight hits you with a +1 great sword of freezing!!
You die...
The death knight freezes you!
Xom reaches out...
You are now level 9!
You rejoin the land of the living...
Are you sure you want to abandon this character and quit the game? (Confirm with "yes".)

#........###........#
#........##.........#
##..........#########
##.......###
##.......# ##....<.#
##.....# ##....#
##@..# ##..# ..# #.#
.. ... ...


There were no monsters in sight!

Vanquished Creatures
  A hippogriff (D:8)
  Sigmund (D:4)
  2 wyverns (D:7)
  A basilisk (D:7)
  2 steam dragons
  2 water moccasins
  3 phantoms
  3 ice beasts
  A sky beast (D:6)
  4 ogres
  A centaur (D:6)
  2 big kobolds
  4 bullfrogs
  A water moccasin zombie (Ossuary)
  A scorpion (D:6)
  4 killer bees (D:7)
  A howler monkey (D:7)
  4 crimson imps
  A centaur zombie (Ossuary)
  4 bullfrog zombies (Ossuary)
  2 jellies
  2 bullfrog skeletons (D:7)
  A centaur skeleton (D:5)
  2 orc priests (D:6)
  4 hounds
  5 orc wizards
  Crazy Yiuf (D:7)
  2 iguanas
  5 worker ants
  A killer bee zombie (Ossuary)
  2 hound zombies (Ossuary)
  2 hound skeletons
  14 mummies
  2 howler monkey zombies (Ossuary)
  3 worker ant zombies
  6 adders
  3 gnolls (D:6)
  A howler monkey skeleton (D:5)
  4 adder zombies (Ossuary)
  2 worms
  4 dart slugs
  4 leopard geckos
  21 orcs
  3 ball pythons
  4 giant cockroaches
  5 goblins
  10 hobgoblins
  10 jackals
  5 quokkas
  5 bats
  2 frilled lizards
  A jackal skeleton (D:4)
  34 kobolds
  A quokka skeleton (D:3)
  A quokka zombie (Ossuary)
  2 rats (D:1)
  A plant (D:4)
220 creatures vanquished.

Vanquished Creatures (others)
  2 plants (D:4)
  2 withered plants
4 creatures vanquished.

Grand Total: 224 creatures vanquished

Notes
Turn   | Place    | Note
-------+----------+-------------------------------------------
     0 | D:1      | galech the Demonspawn Fighter began the quest for the Orb.
     0 | D:1      | Reached XP level 1. HP: 18/18 MP: 1/1
    58 | D:1      | Gained mutation: You regenerate a little health from kills.
                  | [demonic ancestry]
    58 | D:1      | Reached XP level 2. HP: 23/24 MP: 2/2
   806 | D:2      | Gained mutation: You have a pair of small antennae on your
                  | head. [demonic ancestry]
   806 | D:2      | Reached XP level 3. HP: 29/29 MP: 3/3
   809 | D:2      | Reached skill level 2 in Axes
  1326 | D:2      | Found a bloodstained altar of Trog.
  1421 | D:3      | Gained mutation: You are partially covered in large bone
                  | plates. (SH +4) [demonic ancestry]
  1421 | D:3      | Reached XP level 4. HP: 32/35 MP: 4/4
  1463 | D:3      | Noticed an ice beast
  1472 | D:3      | Killed an ice beast
  1472 | D:3      | Reached skill level 3 in Axes
  1472 | D:3      | Gained mutation: You have a pair of antennae on your head.
                  | [demonic ancestry]
  1472 | D:3      | Reached XP level 5. HP: 20/41 MP: 5/5
  1653 | D:3      | Found a hazy altar of Hepliaklqana.
  1972 | D:4      | Found a transporter.
  1976 | D:4      | Noticed a basilisk
  1985 | D:4      | Found a transporter.
  1994 | D:4      | Noticed a hornet
  1995 | D:4      | Found a basalt altar of Yredelemnul.
  2070 | D:4      | Reached XP level 6. HP: 24/47 MP: 6/6
  2147 | D:4      | Noticed Sigmund
  2166 | D:4      | Killed Sigmund
  2166 | D:4      | Reached skill level 4 in Axes
  2202 | D:4      | Mangled by an ogre
  2203 | D:4      | Reached XP level 5. HP: -8/42 MP: 5/5
  2217 | D:4      | Reached XP level 6. HP: 42/48 MP: 6/6
  2238 | D:5      | Entered Level 5 of the Dungeon
  2474 | D:4      | Reached XP level 7. HP: 51/54 MP: 7/7
  2660 | D:4      | Found a runed translucent gate.
  2668 | D:4      | Found a runed translucent gate.
  2668 | D:4      | Found a runed translucent gate.
  2669 | D:4      | Noticed dscm's ghost (amateur OpAc)
  2669 | D:4      | Noticed Sarzael's ghost (novice DrTm)
  2670 | D:4      | Noticed dscm's ghost (weakling OpAc)
  2780 | D:4      | Reached skill level 5 in Axes
  2780 | D:4      | Reached skill level 5 in Shields
  3157 | D:5      | Reached skill level 6 in Axes
  3267 | D:5      | Found Sent's Antique Weapon Boutique.
  3282 | D:5      | Reached XP level 8. HP: 29/61 MP: 8/8
  3416 | D:5      | Reached skill level 1 in Dodging
  3653 | D:6      | Found Wupoaf's General Store.
  3753 | D:6      | Found a sand-covered staircase.
  3761 | Ossuary  | Entered an ossuary
  3792 | Ossuary  | Reached skill level 5 in Armour
  3812 | Ossuary  | Reached skill level 7 in Axes
  3951 | Ossuary  | Reached skill level 5 in Fighting
  4182 | D:6      | Gained mutation: You are slightly more attuned to the
                  | shadows. [demonic ancestry]
  4182 | D:6      | Reached XP level 9. HP: 45/68 MP: 9/9
  4366 | D:6      | Reached skill level 8 in Axes
  4997 | D:7      | Found a hazy altar of Hepliaklqana.
  5112 | D:7      | Found a staircase to the Ecumenical Temple.
  5242 | Temple   | Entered the Ecumenical Temple
  5359 | Temple   | Became a worshipper of Warmaster Okawaru
  5399 | D:7      | Found a radiant altar of Vehumet.
  5399 | D:7      | Found a bloodstained altar of Trog.
  5556 | D:7      | Found a runed door.
  5691 | D:7      | Reached skill level 9 in Axes
  5939 | D:7      | Found a staircase to the Lair.
  6061 | D:7      | Noticed Crazy Yiuf
  6074 | D:7      | Killed Crazy Yiuf
  6149 | D:8      | Reached * piety under Okawaru
  6287 | D:8      | Noticed a death knight
  6430 | D:8      | Reached XP level 10. HP: 59/76 MP: 10/10
  6619 | D:8      | Got an ivory lajatang
  6672 | D:8      | Slain by a death knight
  6673 | D:8      | Reached XP level 9. HP: -5/69 MP: 9/9
  6673 | D:8      | Quit the game

Skill      XL: |  1  2  3  4  5  6  7  8  9 |
---------------+----------------------------+-----
Armour         | 3 4 5 |  5.6
Shields        | 3 4 5 6 |  6.9
Axes           | 2 3 4 6 7 9 |  9.8
Fighting       | 4 5 6 |  6.0
Dodging        | 1 |  1.5
Stealth        | |  0.7

Action                   |  1- 3 |  4- 6 |  7- 9 | 10-12 || total
-------------------------+-------+-------+-------+-------++-------
Melee: War axe           |   123 |   141 |   544 |    25 ||   833
Invok: Heroism           |       |       |       |     1 ||     1
  Use: Scroll            |     5 |     3 |    14 |       ||    22
       Potion            |       |     1 |       |       ||     1
 Stab: Sleeping          |       |       |     2 |     1 ||     3
  Eat: Chunk             |     6 |     7 |    27 |     2 ||    42
       Ration            |       |       |     1 |       ||     1
Armor: Scale mail        |    51 |       |       |       ||    51
       Chain mail        |    49 |    66 |   223 |     9 ||   347
Dodge: Dodged            |    25 |    15 |    61 |     1 ||   102
Block: Medium shield     |    82 |   102 |   401 |    13 ||   598
